Devils vs Flames
Created - March 7, 2025 at 22:30
Goals
|
| Devils |
3 |
0 |
0 |
3 |
| Flames |
0 |
1 |
0 |
1 |
|
Shots
|
| Devils |
16 |
8 |
11 |
35 |
| Flames |
20 |
6 |
14 |
40 |
|
1st period
1. Devils , Sven Baertschi 9 (Sam Bennett 16) at 1:01
2. Devils , Logan Shaw 12 (Brayden Point 24) at 14:53
3. Devils , Sven Baertschi 10 (Cam Fowler 16, Sam Bennett 17) at 18:13
Penalties :
Eric Staal (Cal) for Goalie Interference (Minor) at 15:22
2nd period
4. Flames , Christian Folin 4 (Patrik Berglund 21, Colby Robak 4) at 5:05
Penalties :
Erik Johnson (Cal) for High sticking (Minor) at 1:33
3rd period
No Goal
Penalties :
Cam Fowler (N.J) for Cross-checking (Minor) at 1:25, Jonathan Huberdeau (N.J) for Tripping (Minor) at 8:50
Goalie Stats
Elvis Merzlikins (N.J), 39 saves from 40 shots - (0.975), W, 5-7-2, 60:00 minutes
Christopher Gibson (Cal), 32 saves from 35 shots - (0.914), L, 26-17-2, 60:00 minutes
Players Stats for Devils
Player Name G A P +/- PIM S H SB GA TA FO MP PP MP PK MP
------------------------------------------------------------------------------------
Anton Lander 0 0 0 -1 0 2 1 0 2 0 3/5 10:33 0:00 0:49
Brayden Point 0 1 1 1 0 1 0 0 0 2 9/11 15:52 1:52 0:00
Cam Fowler 0 1 1 0 2 1 0 1 0 1 0/0 23:56 2:12 1:15
Damon Severson 0 0 0 1 0 0 3 2 0 0 0/0 17:50 1:46 0:00
Eric Tangradi 0 0 0 -1 0 1 0 0 1 0 0/0 11:00 0:00 1:16
Jonathan Huberdeau 0 0 0 1 2 6 0 0 1 0 0/0 15:53 1:52 0:00
Kristopher Letang 0 0 0 1 0 1 0 1 0 0 0/0 18:56 1:46 1:11
Logan Shaw 1 0 1 1 0 5 1 1 1 0 1/1 16:26 0:00 2:24
Matt Donovan 0 0 0 1 0 1 1 2 0 0 0/0 17:30 0:00 1:59
Michael Del Zotto 0 0 0 0 0 0 0 2 2 1 0/0 25:28 2:12 2:47
Nail Yakupov 0 0 0 0 0 2 1 0 0 1 0/0 10:16 2:06 0:00
Nazem Kadri 0 0 0 0 0 1 0 0 0 0 11/21 17:57 2:06 0:00
Nick Palmieri 0 0 0 -1 0 0 0 2 1 1 0/1 17:53 0:00 0:45
Ondrej Kase 0 0 0 2 0 2 0 1 0 0 0/2 12:27 0:00 0:00
Sam Bennett 0 2 2 2 0 5 1 1 1 0 9/14 17:01 1:52 2:24
Sven Baertschi 2 0 2 2 0 3 0 0 0 0 0/0 12:45 0:00 0:18
Thomas Hickey 0 0 0 1 0 3 0 5 0 2 0/0 16:20 0:00 0:44
Tyler Ennis 0 0 0 0 0 1 1 1 1 1 1/1 17:57 2:06 0:00
Players Stats for Flames
Player Name G A P +/- PIM S H SB GA TA FO MP PP MP PK MP
------------------------------------------------------------------------------------
Anders Lee 0 0 0 0 0 1 1 1 0 0 2/3 9:02 0:00 1:20
Bryan Rust 0 0 0 -1 0 3 1 0 0 0 1/2 20:42 2:10 2:12
Christian Folin 1 0 1 0 0 5 2 0 0 1 0/0 26:18 2:19 2:08
Colby Robak 0 1 1 -1 0 0 1 3 0 0 0/0 14:34 0:00 1:09
David Ullstrom 0 0 0 1 0 1 1 1 1 1 0/1 10:51 0:00 1:37
Eric Staal 0 0 0 -1 2 3 0 0 0 1 9/23 19:28 2:10 0:30
Erik Johnson 0 0 0 -1 2 0 1 1 1 1 0/0 19:03 1:39 0:37
Esa Lindell 0 0 0 -1 0 3 3 1 0 0 0/0 20:06 1:39 1:46
Evgeny Svechnikov 0 0 0 1 0 0 0 1 2 0 0/0 8:38 0:00 0:00
Jake DeBrusk 0 0 0 -1 0 4 0 0 0 1 0/0 18:39 2:10 0:09
Jimmy Hayes 0 0 0 0 0 4 3 0 0 0 0/0 15:12 1:48 0:00
Kevin Labanc 0 0 0 -2 0 2 0 0 2 0 0/1 13:06 0:00 0:00
Matthew Nieto 0 0 0 -2 0 4 1 1 0 0 2/2 13:06 0:00 0:00
Patrik Berglund 0 1 1 1 0 3 2 0 0 1 6/14 18:52 1:48 2:08
Rasmus Andersson 0 0 0 -1 0 2 0 6 1 1 0/0 13:45 0:00 0:13
Sami Vatanen 0 0 0 0 0 3 1 2 1 2 0/0 26:20 2:19 2:03
Tanner Pearson 0 0 0 0 0 1 1 0 1 0 0/0 15:12 1:48 0:00
Victor Rask 0 0 0 -2 0 1 1 0 0 1 2/10 13:06 0:00 0:00
3 Stars
1 - Elvis Merzlikins (N.J)
2 - Sven Baertschi (N.J)
3 - Sam Bennett (N.J)
Power Play
Devils - 0 on 2 Attempt(s) - 0.00%
Flames - 0 on 2 Attempt(s) - 0.00%
Penalty Kill
Devils - 2 on 2 Attempt(s) - 100.00%
- Score 0 goal in Penalty Kill
Flames - 2 on 2 Attempt(s) - 100.00%
- Score 0 goal in Penalty Kill
Team Stat
Devils - Hits : 9 - Faceoff Wins : 34 - Blocked Shots : 19 - Penalty Minutes : 4
Flames - Hits : 19 - Faceoff Wins : 22 - Blocked Shots : 17 - Penalty Minutes : 4
Official
Referees : Steve Kozari and Mitch Dunning
Linesman : Ryan Galloway and Trent Knorr
Game Notes
No Game Note
Finance
Level 1 -- Attendance: 5675 (94.58%) -- Ticket Income $567,500
Level 2 -- Attendance: 5000 (100.00%) -- Ticket Income $350,000
Level 3 -- Attendance: 2000 (100.00%) -- Ticket Income $80,000
Level 4 -- Attendance: 3692 (92.30%) -- Ticket Income $110,760
Luxury Box -- Attendance: 1000 (100.00%) -- Ticket Income $200,000
Game was played at the Scotiabank Saddledome.
Total Attendance: 17367 (96.48%)
Total Ticket Income: $1,308,260
Other Income: $196,239
Total Income: $1,504,499
Devils
5 vs 5 Forward
Center Left Wing Right Wing Time % Phy DF OF
1 Nazem Kadri Tyler Ennis Nick Palmieri 35 0 2 3
2 Brayden Point Jonathan Huberdeau Logan Shaw 30 0 2 3
3 Sam Bennett Sven Baertschi Ondrej Kase 25 0 2 3
4 Anton Lander Eric Tangradi Nail Yakupov 10 0 2 3
5 vs 5 Defense
Defense Defense Time % Phy DF OF
1 Cam Fowler Michael Del Zotto 40 0 3 2
2 Kristopher Letang Matt Donovan 30 0 3 2
3 Thomas Hickey Damon Severson 30 0 3 2
4 Cam Fowler Michael Del Zotto 0 0 3 2
PowerPlay Forward
Center Left Wing Right Wing Time % Phy DF OF
1 Nazem Kadri Tyler Ennis Nail Yakupov 60 0 1 4
2 Brayden Point Jonathan Huberdeau Sam Bennett 40 0 1 4
PowerPlay Defense
Defense Defense Time % Phy DF OF
1 Cam Fowler Michael Del Zotto 60 0 2 3
2 Damon Severson Kristopher Letang 40 0 2 3
Penalty Kill 4 Players Forward
Center Wing Time % Phy DF OF
1 Sam Bennett Logan Shaw 60 1 3 1
2 Anton Lander Eric Tangradi 40 1 3 1
Penalty Kill 4 Players Defense
Defense Defense Time % Phy DF OF
1 Cam Fowler Michael Del Zotto 60 1 4 0
2 Kristopher Letang Matt Donovan 40 1 4 0
Penalty Kill - 3 Players Forward
Forward Time % Phy DF OF
1 Nazem Kadri 60 1 4 0
2 Tyler Ennis 40 1 4 0
Penalty Kill - 3 Players Defense
Defense Defense Time % Phy DF OF
1 Cam Fowler Michael Del Zotto 60 1 4 0
2 Kristopher Letang Matt Donovan 40 1 4 0
4 vs 4 Forward
Center Wing Time % Phy DF OF
1 Nazem Kadri Tyler Ennis 60 1 2 2
2 Brayden Point Jonathan Huberdeau 40 1 2 2
4 vs 4 Defense
Defense Defense Time % Phy DF OF
1 Cam Fowler Michael Del Zotto 60 1 2 2
2 Thomas Hickey Matt Donovan 40 1 2 2
Last Minutes Offensive
Center Left Wing Right Wing Defense Defense
Nazem Kadri Tyler Ennis Nick Palmieri Cam Fowler Michael Del Zotto
Last Minutes Defensive
Center Left Wing Right Wing Defense Defense
Nazem Kadri Tyler Ennis Nick Palmieri Cam Fowler Michael Del Zotto
Goaltenders
Starting : Elvis Merzlikins
Backup : Jonathan Quick
Extra Forwards
Normal : Nick Palmieri, Sam Bennett, Logan Shaw - PP : Nick Palmieri, Sam Bennett - PK : Nick Palmieri
Extra Defensemen
Normal : Matt Donovan, Thomas Hickey, Damon Severson - PP : Matt Donovan - PK : Matt Donovan, Thomas Hickey
Penalty Shots
Tyler Ennis, Nazem Kadri, Jonathan Huberdeau, Brayden Point, Nick Palmieri
Custom OT Lines Forwards
Tyler Ennis, Nazem Kadri, Jonathan Huberdeau, Brayden Point, Nick Palmieri, Sam Bennett, Logan Shaw, Nail Yakupov, Ondrej Kase, Sven Baertschi
Custom OT Lines Defensemen
Cam Fowler, Michael Del Zotto, Kristopher Letang, Matt Donovan, Thomas Hickey
Scratches
Darren Dietz (Healthy)
Flames
5 vs 5 Forward
Center Left Wing Right Wing Time % Phy DF OF
1 Eric Staal Jake DeBrusk Bryan Rust 40 1 2 2
2 Patrik Berglund Tanner Pearson Jimmy Hayes 30 1 2 2
3 Victor Rask Matthew Nieto Kevin Labanc 20 1 2 2
4 Anders Lee David Ullstrom Evgeny Svechnikov 10 1 2 2
5 vs 5 Defense
Defense Defense Time % Phy DF OF
1 Sami Vatanen Christian Folin 40 1 2 2
2 Esa Lindell Erik Johnson 30 1 2 2
3 Colby Robak Rasmus Andersson 20 1 2 2
4 Sami Vatanen Christian Folin 10 1 2 2
PowerPlay Forward
Center Left Wing Right Wing Time % Phy DF OF
1 Eric Staal Jake DeBrusk Bryan Rust 60 1 1 3
2 Patrik Berglund Tanner Pearson Jimmy Hayes 40 1 1 3
PowerPlay Defense
Defense Defense Time % Phy DF OF
1 Sami Vatanen Christian Folin 60 1 1 3
2 Esa Lindell Erik Johnson 40 1 1 3
Penalty Kill 4 Players Forward
Center Wing Time % Phy DF OF
1 Patrik Berglund Bryan Rust 60 1 3 1
2 Eric Staal David Ullstrom 40 1 3 1
Penalty Kill 4 Players Defense
Defense Defense Time % Phy DF OF
1 Sami Vatanen Christian Folin 60 1 3 1
2 Esa Lindell Erik Johnson 40 1 3 1
Penalty Kill - 3 Players Forward
Forward Time % Phy DF OF
1 Patrik Berglund 60 1 2 2
2 Eric Staal 40 1 2 2
Penalty Kill - 3 Players Defense
Defense Defense Time % Phy DF OF
1 Sami Vatanen Christian Folin 60 1 2 2
2 Esa Lindell Erik Johnson 40 1 2 2
4 vs 4 Forward
Center Wing Time % Phy DF OF
1 Eric Staal Jake DeBrusk 60 1 2 2
2 Patrik Berglund Bryan Rust 40 1 2 2
4 vs 4 Defense
Defense Defense Time % Phy DF OF
1 Sami Vatanen Christian Folin 60 1 2 2
2 Esa Lindell Erik Johnson 40 1 2 2
Last Minutes Offensive
Center Left Wing Right Wing Defense Defense
Eric Staal Jake DeBrusk Bryan Rust Sami Vatanen Erik Johnson
Last Minutes Defensive
Center Left Wing Right Wing Defense Defense
Eric Staal Jake DeBrusk Bryan Rust Sami Vatanen Christian Folin
Goaltenders
Starting : Christopher Gibson
Backup : Michael Hutchinson
Extra Forwards
Normal : Evgeny Svechnikov, Kevin Labanc, David Ullstrom - PP : Evgeny Svechnikov, Kevin Labanc - PK : Bryan Rust
Extra Defensemen
Normal : Erik Johnson, Rasmus Andersson, Esa Lindell - PP : Colby Robak - PK : Erik Johnson, Colby Robak
Penalty Shots
Eric Staal, Patrik Berglund, Bryan Rust, Jimmy Hayes, Jake DeBrusk
Custom OT Lines Forwards
Eric Staal, Patrik Berglund, Bryan Rust, Jimmy Hayes, Jake DeBrusk, Kevin Labanc, Tanner Pearson, Evgeny Svechnikov, David Ullstrom, Victor Rask
Custom OT Lines Defensemen
Sami Vatanen, Erik Johnson, Esa Lindell, Christian Folin, Colby Robak
Scratches
Brad Marchand (Left Ankle Injury), Kyle Palmieri (Healthy)
% Time on Ice - Devils
Lines # - Real PCT - Wanted PCT - Time Play
Normal Forward
1 - 31% - 35% - 15:53
2 - 27% - 30% - 14:01
3 - 24% - 25% - 12:27
4 - 19% - 10% - 9:43
Normal Defense
1 - 38% - 40% - 19:35
2 - 31% - 30% - 15:59
3 - 30% - 30% - 15:36
4 - 2% - 0% - 0:54
PP Forward
1 - 53% - 60% - 2:06
2 - 47% - 40% - 1:52
PP Defense
1 - 55% - 60% - 2:12
2 - 45% - 40% - 1:46
PK Forward
1 - 89% - 60% - 3:33
2 - 11% - 40% - 0:25
PK Defense
1 - 70% - 60% - 2:47
2 - 30% - 40% - 1:11
PK3 Forward
1 - 0% - 60%
2 - 0% - 40%
PK3 Defense
1 - 0% - 60%
2 - 0% - 40%
44 Forward
1 - 0% - 60%
2 - 0% - 40%
44 Defense
1 - 0% - 60%
2 - 0% - 40%
Last Minute Offensive - 0:00
Last Minute Defensive - 0:00
Total
Forward - 60:00
Defense - 60:00
|
% Time on Ice - Flames
Lines # - Real PCT - Wanted PCT - Time Play
Normal Forward
1 - 35% - 40% - 18:22
2 - 26% - 30% - 13:24
3 - 25% - 20% - 13:06
4 - 14% - 10% - 7:12
Normal Defense
1 - 39% - 40% - 20:13
2 - 32% - 30% - 16:48
3 - 26% - 20% - 13:25
4 - 3% - 10% - 1:38
PP Forward
1 - 55% - 60% - 2:10
2 - 45% - 40% - 1:48
PP Defense
1 - 58% - 60% - 2:19
2 - 42% - 40% - 1:39
PK Forward
1 - 71% - 60% - 2:50
2 - 29% - 40% - 1:08
PK Defense
1 - 50% - 60% - 1:59
2 - 50% - 40% - 1:59
PK3 Forward
1 - 0% - 60%
2 - 0% - 40%
PK3 Defense
1 - 0% - 60%
2 - 0% - 40%
44 Forward
1 - 0% - 60%
2 - 0% - 40%
44 Defense
1 - 0% - 60%
2 - 0% - 40%
Last Minute Offensive - 0:00
Last Minute Defensive - 0:00
Total
Forward - 60:00
Defense - 60:00
|
Play-by-Play
1st period
0:01 of 1st period - Nazem Kadri wins face-off versus Eric Staal in neutral zone.
0:34 of 1st period - Snap shot by Patrik Berglund.
0:34 of 1st period - Shot Misses the Net.
0:36 of 1st period - Snap shot by Jimmy Hayes.
0:36 of 1st period - Shot Misses the Net.
0:46 of 1st period - Michael Del Zotto is hit by Esa Lindell and loses puck.
0:53 of 1st period - Slapshot by Esa Lindell.
0:53 of 1st period - Stopped by Elvis Merzlikins without a rebound.
0:54 of 1st period - Sam Bennett wins face-off versus Victor Rask in Devils zone.
1:01 of 1st period - Snap shot by Sven Baertschi.
1:01 of 1st period - Goal by Sven Baertschi - Devils : 1 - Flames : 0.
1:02 of 1st period - Eric Staal wins face-off versus Sam Bennett in neutral zone.
1:05 of 1st period - Wrist shot by Sami Vatanen.
1:05 of 1st period - Shot Blocked by Thomas Hickey.
1:07 of 1st period - Snap shot by Jake DeBrusk.
1:07 of 1st period - Shot Blocked by Sam Bennett.
1:15 of 1st period - Snap shot by Ondrej Kase.
1:15 of 1st period - Stopped by Christopher Gibson without a rebound.
1:16 of 1st period - Anton Lander wins face-off versus Victor Rask in Flames zone.
1:52 of 1st period - Wrist shot by Patrik Berglund.
1:52 of 1st period - Shot Blocked by Nick Palmieri.
2:10 of 1st period - Snap shot by Sam Bennett.
2:10 of 1st period - Shot Blocked by Rasmus Andersson.
2:44 of 1st period - Wrist shot by Eric Staal.
2:44 of 1st period - Shot Misses the Net.
3:56 of 1st period - Wrist shot by Nail Yakupov.
3:56 of 1st period - Shot Blocked by Sami Vatanen.
4:32 of 1st period - Snap shot by Kevin Labanc.
4:32 of 1st period - Shot Blocked by Damon Severson.
4:34 of 1st period - Slapshot by Erik Johnson.
4:34 of 1st period - Shot Blocked by Thomas Hickey.
4:36 of 1st period - Wrist shot by Victor Rask.
4:36 of 1st period - Shot Blocked by Thomas Hickey.
4:38 of 1st period - Snap shot by Matthew Nieto.
4:38 of 1st period - Deflect By Kevin Labanc.
4:38 of 1st period - Shot Blocked by Nick Palmieri.
4:38 of 1st period - Puck is out of play.
4:39 of 1st period - Sam Bennett wins face-off versus David Ullstrom in Devils zone.
5:28 of 1st period - Thomas Hickey is hit by Jimmy Hayes and loses puck.
6:18 of 1st period - Slapshot by Anders Lee.
6:18 of 1st period - Stopped by Elvis Merzlikins without a rebound.
6:19 of 1st period - Nazem Kadri wins face-off versus Anders Lee in Devils zone.
6:26 of 1st period - Slapshot by Esa Lindell.
6:26 of 1st period - Shot Blocked by Michael Del Zotto.
7:33 of 1st period - Wrist shot by Patrik Berglund.
7:33 of 1st period - Stopped by Elvis Merzlikins with a rebound.
7:35 of 1st period - Slapshot by Erik Johnson.
7:35 of 1st period - Deflect By Jimmy Hayes.
7:35 of 1st period - Stopped by Elvis Merzlikins without a rebound.
7:36 of 1st period - Patrik Berglund wins face-off versus Nick Palmieri in Devils zone.
8:45 of 1st period - Slapshot by Patrik Berglund.
8:45 of 1st period - Stopped by Elvis Merzlikins with a rebound.
8:47 of 1st period - Snap shot by Christian Folin.
8:47 of 1st period - Shot Blocked by Michael Del Zotto.
8:49 of 1st period - Snap shot by Tanner Pearson.
8:49 of 1st period - Deflect By Jimmy Hayes.
8:49 of 1st period - Stopped by Elvis Merzlikins with a rebound.
8:51 of 1st period - Slapshot by Christian Folin.
8:51 of 1st period - Stopped by Elvis Merzlikins with a rebound.
8:53 of 1st period - Snap shot by Tanner Pearson.
8:53 of 1st period - Stopped by Elvis Merzlikins with a rebound.
8:55 of 1st period - Slapshot by Sami Vatanen.
8:55 of 1st period - Stopped by Elvis Merzlikins with a rebound.
8:57 of 1st period - Snap shot by Patrik Berglund.
8:57 of 1st period - Shot Misses the Net.
8:59 of 1st period - Snap shot by Christian Folin.
8:59 of 1st period - Stopped by Elvis Merzlikins without a rebound.
9:00 of 1st period - Brayden Point wins face-off versus Eric Staal in Devils zone.
9:09 of 1st period - Snap shot by Brayden Point.
9:09 of 1st period - Deflect By Jonathan Huberdeau.
9:09 of 1st period - Shot Misses the Net.
9:09 of 1st period - Puck is out of play.
9:10 of 1st period - Brayden Point wins face-off versus Eric Staal in Flames zone.
9:17 of 1st period - Backhand shot by Jonathan Huberdeau.
9:17 of 1st period - Shot Misses the Net.
9:19 of 1st period - Slapshot by Thomas Hickey.
9:19 of 1st period - Shot Blocked by Rasmus Andersson.
9:21 of 1st period - Wrist shot by Jonathan Huberdeau.
9:21 of 1st period - Stopped by Christopher Gibson with a rebound.
9:23 of 1st period - Wrist shot by Jonathan Huberdeau.
9:23 of 1st period - Shot Blocked by Colby Robak.
9:31 of 1st period - Wrist shot by Logan Shaw.
9:31 of 1st period - Shot Blocked by Colby Robak.
9:33 of 1st period - Wrist shot by Brayden Point.
9:33 of 1st period - Shot Blocked by Colby Robak.
9:35 of 1st period - Wrist shot by Jonathan Huberdeau.
9:35 of 1st period - Stopped by Christopher Gibson without a rebound.
9:36 of 1st period - Victor Rask wins face-off versus Sam Bennett in Flames zone.
9:53 of 1st period - Slapshot by Matthew Nieto.
9:53 of 1st period - Shot Misses the Net.
10:12 of 1st period - Slapshot by Esa Lindell.
10:12 of 1st period - Stopped by Elvis Merzlikins without a rebound.
10:13 of 1st period - Eric Staal wins face-off versus Brayden Point in Devils zone.
10:18 of 1st period - Snap shot by Jake DeBrusk.
10:18 of 1st period - Stopped by Elvis Merzlikins without a rebound.
10:19 of 1st period - Brayden Point wins face-off versus Eric Staal in Devils zone.
11:16 of 1st period - Snap shot by Eric Staal.
11:16 of 1st period - Stopped by Elvis Merzlikins with a rebound.
11:18 of 1st period - Slapshot by Christian Folin.
11:18 of 1st period - Stopped by Elvis Merzlikins without a rebound.
11:19 of 1st period - Sam Bennett wins face-off versus Victor Rask in Devils zone.
11:24 of 1st period - Wrist shot by Kevin Labanc.
11:24 of 1st period - Shot Blocked by Thomas Hickey.
12:14 of 1st period - Snap shot by Eric Tangradi.
12:14 of 1st period - Deflect By Nail Yakupov.
12:14 of 1st period - Shot Misses the Net.
12:14 of 1st period - Puck is out of play.
12:15 of 1st period - Matthew Nieto wins face-off versus Anton Lander in Flames zone.
12:25 of 1st period - Snap shot by Kevin Labanc.
12:25 of 1st period - Stopped by Elvis Merzlikins with a rebound.
12:27 of 1st period - Slapshot by Sami Vatanen.
12:27 of 1st period - Deflect By Victor Rask.
12:27 of 1st period - Stopped by Elvis Merzlikins with a rebound.
12:29 of 1st period - Slapshot by Matthew Nieto.
12:29 of 1st period - Shot Misses the Net.
12:31 of 1st period - Wrist shot by Kevin Labanc.
12:31 of 1st period - Stopped by Elvis Merzlikins without a rebound.
12:32 of 1st period - Eric Staal wins face-off versus Sam Bennett in Devils zone.
12:41 of 1st period - Snap shot by Eric Staal.
12:41 of 1st period - Stopped by Elvis Merzlikins with a rebound.
12:43 of 1st period - Wrist shot by Bryan Rust.
12:43 of 1st period - Stopped by Elvis Merzlikins with a rebound.
12:45 of 1st period - Slapshot by Sami Vatanen.
12:45 of 1st period - Stopped by Elvis Merzlikins with a rebound.
12:47 of 1st period - Snap shot by Christian Folin.
12:47 of 1st period - Deflect By Eric Staal.
12:47 of 1st period - Shot Misses the Net.
12:47 of 1st period - Puck is out of play.
12:48 of 1st period - Tyler Ennis wins face-off versus Patrik Berglund in Devils zone.
13:36 of 1st period - Wrist shot by Sam Bennett.
13:36 of 1st period - Stopped by Christopher Gibson with a rebound.
13:38 of 1st period - Snap shot by Brayden Point.
13:38 of 1st period - Shot Misses the Net.
13:44 of 1st period - Slapshot by Jonathan Huberdeau.
13:44 of 1st period - Stopped by Christopher Gibson with a rebound.
13:46 of 1st period - Slapshot by Matt Donovan.
13:46 of 1st period - Stopped by Christopher Gibson with a rebound.
14:47 of 1st period - Snap shot by Logan Shaw.
14:47 of 1st period - Stopped by Christopher Gibson without a rebound.
14:48 of 1st period - Brayden Point wins face-off versus Eric Staal in Flames zone.
14:51 of 1st period - Snap shot by Brayden Point.
14:51 of 1st period - Stopped by Christopher Gibson with a rebound.
14:53 of 1st period - Snap shot by Logan Shaw.
14:53 of 1st period - Goal by Logan Shaw - Devils : 2 - Flames : 0.
14:54 of 1st period - Nazem Kadri wins face-off versus Eric Staal in neutral zone.
15:07 of 1st period - Wrist shot by Nazem Kadri.
15:07 of 1st period - Stopped by Christopher Gibson without a rebound.
15:08 of 1st period - Sam Bennett wins face-off versus Eric Staal in Flames zone.
15:15 of 1st period - Wrist shot by Sven Baertschi.
15:15 of 1st period - Shot Misses the Net.
15:17 of 1st period - Slapshot by Thomas Hickey.
15:17 of 1st period - Stopped by Christopher Gibson with a rebound.
15:19 of 1st period - Slapshot by Thomas Hickey.
15:19 of 1st period - Stopped by Christopher Gibson without a rebound.
15:20 of 1st period - Eric Staal wins face-off versus Nazem Kadri in Flames zone.
15:22 of 1st period - Minor Penalty to Eric Staal for Goalie Interference.
15:23 of 1st period - Nazem Kadri wins face-off versus Patrik Berglund in Flames zone.
16:17 of 1st period - Off-side.
16:18 of 1st period - Anders Lee wins face-off versus Nazem Kadri in neutral zone.
17:22 of 1st period - Penalty to Eric Staal is over, Eric Staal is back on ice.
18:03 of 1st period - Off-side.
18:04 of 1st period - Sam Bennett wins face-off versus Victor Rask in neutral zone.
18:13 of 1st period - Slapshot by Sven Baertschi.
18:13 of 1st period - Goal by Sven Baertschi - Devils : 3 - Flames : 0.
18:14 of 1st period - Eric Staal wins face-off versus Nazem Kadri in neutral zone.
19:21 of 1st period - Snap shot by Sam Bennett.
19:21 of 1st period - Stopped by Christopher Gibson without a rebound.
19:22 of 1st period - Nazem Kadri wins face-off versus Eric Staal in Flames zone.
19:25 of 1st period - Wrist shot by Tyler Ennis.
19:25 of 1st period - Stopped by Christopher Gibson without a rebound.
19:26 of 1st period - Nazem Kadri wins face-off versus Eric Staal in Flames zone.
Goals for this period are 3 for Devils vs 0 for Flames.
Shots for this period are 16 for Devils vs 20 for Flames.
2nd period
0:01 of 2nd period - Patrik Berglund wins face-off versus Nazem Kadri in neutral zone.
0:38 of 2nd period - Backhand shot by Logan Shaw.
0:38 of 2nd period - Stopped by Christopher Gibson with a rebound.
0:40 of 2nd period - Slapshot by Jonathan Huberdeau.
0:40 of 2nd period - Shot Misses the Net.
1:20 of 2nd period - Snap shot by Anton Lander.
1:20 of 2nd period - Shot Misses the Net.
1:33 of 2nd period - Minor Penalty to Erik Johnson for High sticking.
1:34 of 2nd period - Patrik Berglund wins face-off versus Nazem Kadri in Flames zone.
2:24 of 2nd period - Eric Staal is hit by Damon Severson and loses puck.
3:33 of 2nd period - Penalty to Erik Johnson is over, Erik Johnson is back on ice.
3:45 of 2nd period - Damon Severson is hit by Patrik Berglund and loses puck.
3:57 of 2nd period - Kristopher Letang is hit by David Ullstrom and loses puck.
4:04 of 2nd period - Nick Palmieri is hit by Esa Lindell and loses puck.
4:27 of 2nd period - Rasmus Andersson is hit by Anton Lander and loses puck.
4:58 of 2nd period - Michael Del Zotto is hit by Patrik Berglund and loses puck.
5:05 of 2nd period - Backhand shot by Christian Folin.
5:05 of 2nd period - Goal by Christian Folin - Devils : 3 - Flames : 1.
5:06 of 2nd period - Brayden Point wins face-off versus Kevin Labanc in neutral zone.
5:33 of 2nd period - Thomas Hickey is hit by Bryan Rust.
6:19 of 2nd period - Off-side.
6:20 of 2nd period - Anders Lee wins face-off versus Ondrej Kase in neutral zone.
7:28 of 2nd period - Snap shot by Thomas Hickey.
7:28 of 2nd period - Shot Blocked by David Ullstrom.
7:30 of 2nd period - Snap shot by Eric Tangradi.
7:30 of 2nd period - Shot Misses the Net.
7:32 of 2nd period - Wrist shot by Anton Lander.
7:32 of 2nd period - Shot Blocked by Evgeny Svechnikov.
7:34 of 2nd period - Wrist shot by Thomas Hickey.
7:34 of 2nd period - Shot Blocked by Anders Lee.
7:36 of 2nd period - Slapshot by Thomas Hickey.
7:36 of 2nd period - Deflect By Erik Johnson.
7:36 of 2nd period - Stopped by Christopher Gibson without a rebound.
7:37 of 2nd period - Logan Shaw wins face-off versus Victor Rask in Flames zone.
7:40 of 2nd period - Snap shot by Jonathan Huberdeau.
7:40 of 2nd period - Deflect By Logan Shaw.
7:40 of 2nd period - Stopped by Christopher Gibson with a rebound.
8:03 of 2nd period - Michael Del Zotto is hit by Jimmy Hayes and loses puck.
9:04 of 2nd period - Rasmus Andersson is hit by Matt Donovan and loses puck.
9:09 of 2nd period - Backhand shot by Logan Shaw.
9:09 of 2nd period - Shot Blocked by Rasmus Andersson.
9:11 of 2nd period - Snap shot by Brayden Point.
9:11 of 2nd period - Shot Misses the Net.
9:13 of 2nd period - Snap shot by Brayden Point.
9:13 of 2nd period - Shot Blocked by Rasmus Andersson.
9:15 of 2nd period - Snap shot by Brayden Point.
9:15 of 2nd period - Deflect By Logan Shaw.
9:15 of 2nd period - Stopped by Christopher Gibson with a rebound.
9:27 of 2nd period - Snap shot by Sven Baertschi.
9:27 of 2nd period - Shot Blocked by Rasmus Andersson.
9:29 of 2nd period - Snap shot by Ondrej Kase.
9:29 of 2nd period - Stopped by Christopher Gibson with a rebound.
9:41 of 2nd period - Icing by Sami Vatanen.
9:42 of 2nd period - Victor Rask wins face-off versus Nazem Kadri in Flames zone.
10:16 of 2nd period - Wrist shot by Matthew Nieto.
10:16 of 2nd period - Stopped by Elvis Merzlikins with a rebound.
10:18 of 2nd period - Wrist shot by Matthew Nieto.
10:18 of 2nd period - Stopped by Elvis Merzlikins with a rebound.
10:34 of 2nd period - Cam Fowler is hit by Esa Lindell and loses puck.
11:38 of 2nd period - Tanner Pearson is hit by Logan Shaw and loses puck.
12:07 of 2nd period - Anders Lee is hit by Damon Severson and loses puck.
12:30 of 2nd period - Slapshot by Rasmus Andersson.
12:30 of 2nd period - Deflect By Sven Baertschi.
12:30 of 2nd period - Stopped by Elvis Merzlikins with a rebound.
12:55 of 2nd period - Wrist shot by Bryan Rust.
12:55 of 2nd period - Stopped by Elvis Merzlikins with a rebound.
13:09 of 2nd period - Snap shot by Eric Tangradi.
13:09 of 2nd period - Shot Blocked by Matthew Nieto.
13:11 of 2nd period - Snap shot by Nail Yakupov.
13:11 of 2nd period - Stopped by Christopher Gibson without a rebound.
13:12 of 2nd period - Nazem Kadri wins face-off versus Victor Rask in Flames zone.
13:34 of 2nd period - Off-side.
13:35 of 2nd period - Brayden Point wins face-off versus Eric Staal in neutral zone.
13:52 of 2nd period - Snap shot by Jonathan Huberdeau.
13:52 of 2nd period - Stopped by Christopher Gibson without a rebound.
13:53 of 2nd period - Patrik Berglund wins face-off versus Nazem Kadri in Flames zone.
13:58 of 2nd period - Wrist shot by Patrik Berglund.
13:58 of 2nd period - Shot Misses the Net.
14:20 of 2nd period - Logan Shaw is hit by Christian Folin and loses puck.
14:27 of 2nd period - Slapshot by Eric Staal.
14:27 of 2nd period - Shot Hit the Post.
14:45 of 2nd period - Snap shot by Nail Yakupov.
14:45 of 2nd period - Shot Misses the Net.
15:05 of 2nd period - Snap shot by Ondrej Kase.
15:05 of 2nd period - Shot Misses the Net.
15:07 of 2nd period - Wrist shot by Sam Bennett.
15:07 of 2nd period - Stopped by Christopher Gibson with a rebound.
15:09 of 2nd period - Slapshot by Sven Baertschi.
15:09 of 2nd period - Shot Misses the Net.
15:28 of 2nd period - Snap shot by Patrik Berglund.
15:28 of 2nd period - Shot Misses the Net.
16:09 of 2nd period - Wrist shot by Matthew Nieto.
16:09 of 2nd period - Shot Misses the Net.
16:49 of 2nd period - Slapshot by Christian Folin.
16:49 of 2nd period - Shot Blocked by Tyler Ennis.
18:15 of 2nd period - Wrist shot by Logan Shaw.
18:15 of 2nd period - Shot Blocked by Rasmus Andersson.
18:41 of 2nd period - Snap shot by Eric Staal.
18:41 of 2nd period - Shot Hit the Post.
18:43 of 2nd period - Wrist shot by Jake DeBrusk.
18:43 of 2nd period - Shot Blocked by Kristopher Letang.
18:45 of 2nd period - Slapshot by Rasmus Andersson.
18:45 of 2nd period - Shot Misses the Net.
18:47 of 2nd period - Snap shot by Jake DeBrusk.
18:47 of 2nd period - Stopped by Elvis Merzlikins with a rebound.
19:55 of 2nd period - Brayden Point is hit by Tanner Pearson and loses puck.
Goals for this period are 0 for Devils vs 1 for Flames.
Shots for this period are 8 for Devils vs 6 for Flames.
3rd period
0:01 of 3rd period - Patrik Berglund wins face-off versus Nazem Kadri in neutral zone.
0:04 of 3rd period - Nazem Kadri is hit by Jimmy Hayes and loses puck.
0:13 of 3rd period - Snap shot by Jimmy Hayes.
0:13 of 3rd period - Stopped by Elvis Merzlikins without a rebound.
0:14 of 3rd period - Nazem Kadri wins face-off versus Eric Staal in Devils zone.
0:18 of 3rd period - Icing by Nazem Kadri.
0:19 of 3rd period - Eric Staal wins face-off versus Nazem Kadri in Devils zone.
1:25 of 3rd period - Minor Penalty to Cam Fowler for Cross-checking.
1:26 of 3rd period - Sam Bennett wins face-off versus Patrik Berglund in Devils zone.
1:26 of 3rd period - Sam Bennett is hit by Erik Johnson.
1:39 of 3rd period - Slapshot by Jimmy Hayes.
1:39 of 3rd period - Stopped by Elvis Merzlikins without a rebound.
1:40 of 3rd period - Sam Bennett wins face-off versus Patrik Berglund in Devils zone.
1:57 of 3rd period - Wrist shot by Jimmy Hayes.
1:57 of 3rd period - Deflect By Patrik Berglund.
1:57 of 3rd period - Deflect By Logan Shaw.
1:57 of 3rd period - Shot Blocked by Matt Donovan.
1:57 of 3rd period - Puck is out of play.
1:58 of 3rd period - Bryan Rust wins face-off versus Sam Bennett in Devils zone.
1:59 of 3rd period - Slapshot by Eric Staal.
1:59 of 3rd period - Stopped by Elvis Merzlikins with a rebound.
2:33 of 3rd period - Snap shot by Eric Tangradi.
2:33 of 3rd period - Deflect By Anton Lander.
2:33 of 3rd period - Stopped by Christopher Gibson with a rebound.
3:25 of 3rd period - Penalty to Cam Fowler is over, Cam Fowler is back on ice.
3:37 of 3rd period - Icing by Nazem Kadri.
3:38 of 3rd period - Matthew Nieto wins face-off versus Nazem Kadri in Devils zone.
3:49 of 3rd period - Kevin Labanc is hit by Tyler Ennis and loses puck.
4:08 of 3rd period - Wrist shot by David Ullstrom.
4:08 of 3rd period - Stopped by Elvis Merzlikins without a rebound.
4:09 of 3rd period - Anton Lander wins face-off versus Patrik Berglund in Devils zone.
4:18 of 3rd period - Slapshot by Eric Tangradi.
4:18 of 3rd period - Shot Hit the Post.
4:20 of 3rd period - Slapshot by Matt Donovan.
4:20 of 3rd period - Shot Blocked by Esa Lindell.
4:22 of 3rd period - Snap shot by Eric Tangradi.
4:22 of 3rd period - Shot Blocked by Erik Johnson.
4:24 of 3rd period - Wrist shot by Eric Tangradi.
4:24 of 3rd period - Stopped by Christopher Gibson without a rebound.
4:25 of 3rd period - Nazem Kadri wins face-off versus Eric Staal in Flames zone.
4:26 of 3rd period - Wrist shot by Tyler Ennis.
4:26 of 3rd period - Shot Misses the Net.
4:52 of 3rd period - Brayden Point is hit by Christian Folin and loses puck.
5:19 of 3rd period - Victor Rask is hit by Sam Bennett and loses puck.
5:41 of 3rd period - Wrist shot by Matthew Nieto.
5:41 of 3rd period - Stopped by Elvis Merzlikins with a rebound.
6:01 of 3rd period - Slapshot by Eric Staal.
6:01 of 3rd period - Shot Misses the Net.
6:03 of 3rd period - Slapshot by Rasmus Andersson.
6:03 of 3rd period - Shot Blocked by Damon Severson.
6:05 of 3rd period - Snap shot by Bryan Rust.
6:05 of 3rd period - Shot Blocked by Thomas Hickey.
6:12 of 3rd period - Icing by Nail Yakupov.
6:13 of 3rd period - Anton Lander wins face-off versus Patrik Berglund in Devils zone.
6:40 of 3rd period - Tyler Ennis is hit by Sami Vatanen and loses puck.
7:22 of 3rd period - Ondrej Kase is hit by Anders Lee and loses puck.
7:52 of 3rd period - Snap shot by Patrik Berglund.
7:52 of 3rd period - Shot Blocked by Logan Shaw.
8:02 of 3rd period - Wrist shot by Kristopher Letang.
8:02 of 3rd period - Stopped by Christopher Gibson without a rebound.
8:03 of 3rd period - Nazem Kadri wins face-off versus Bryan Rust in Flames zone.
8:19 of 3rd period - Icing by Eric Staal.
8:20 of 3rd period - Sam Bennett wins face-off versus Eric Staal in Flames zone.
8:23 of 3rd period - Wrist shot by Sam Bennett.
8:23 of 3rd period - Shot Misses the Net.
8:31 of 3rd period - Slapshot by Christian Folin.
8:31 of 3rd period - Deflect By Cam Fowler.
8:31 of 3rd period - Stopped by Elvis Merzlikins with a rebound.
8:37 of 3rd period - Snap shot by Eric Staal.
8:37 of 3rd period - Shot Blocked by Ondrej Kase.
8:39 of 3rd period - Wrist shot by Bryan Rust.
8:39 of 3rd period - Stopped by Elvis Merzlikins with a rebound.
8:41 of 3rd period - Slapshot by Jake DeBrusk.
8:41 of 3rd period - Stopped by Elvis Merzlikins with a rebound.
8:43 of 3rd period - Snap shot by Bryan Rust.
8:43 of 3rd period - Shot Blocked by Cam Fowler.
8:45 of 3rd period - Snap shot by Sami Vatanen.
8:45 of 3rd period - Stopped by Elvis Merzlikins with a rebound.
8:47 of 3rd period - Snap shot by Jake DeBrusk.
8:47 of 3rd period - Stopped by Elvis Merzlikins without a rebound.
8:48 of 3rd period - Brayden Point wins face-off versus Patrik Berglund in Devils zone.
8:50 of 3rd period - Minor Penalty to Jonathan Huberdeau for Tripping.
8:51 of 3rd period - Eric Staal wins face-off versus Sam Bennett in Devils zone.
10:50 of 3rd period - Penalty to Jonathan Huberdeau is over, Jonathan Huberdeau is back on ice.
12:21 of 3rd period - Snap shot by Patrik Berglund.
12:21 of 3rd period - Deflect By Jimmy Hayes.
12:21 of 3rd period - Shot Blocked by Matt Donovan.
12:21 of 3rd period - Puck is out of play.
12:22 of 3rd period - Patrik Berglund wins face-off versus Ondrej Kase in Devils zone.
12:47 of 3rd period - Snap shot by Patrik Berglund.
12:47 of 3rd period - Shot Misses the Net.
12:49 of 3rd period - Snap shot by Patrik Berglund.
12:49 of 3rd period - Stopped by Elvis Merzlikins without a rebound.
12:50 of 3rd period - Brayden Point wins face-off versus Eric Staal in Devils zone.
13:17 of 3rd period - Thomas Hickey is hit by Matthew Nieto and loses puck.
13:38 of 3rd period - Erik Johnson is hit by Damon Severson and loses puck.
13:59 of 3rd period - Michael Del Zotto is hit by Colby Robak and loses puck.
14:10 of 3rd period - Wrist shot by Anton Lander.
14:10 of 3rd period - Stopped by Christopher Gibson without a rebound.
14:11 of 3rd period - Eric Staal wins face-off versus Brayden Point in Flames zone.
14:20 of 3rd period - Slapshot by Christian Folin.
14:20 of 3rd period - Shot Misses the Net.
14:40 of 3rd period - Snap shot by Matthew Nieto.
14:40 of 3rd period - Stopped by Elvis Merzlikins with a rebound.
14:42 of 3rd period - Wrist shot by Esa Lindell.
14:42 of 3rd period - Stopped by Elvis Merzlikins without a rebound.
14:43 of 3rd period - Nazem Kadri wins face-off versus Victor Rask in Devils zone.
17:47 of 3rd period - Slapshot by Rasmus Andersson.
17:47 of 3rd period - Stopped by Elvis Merzlikins without a rebound.
17:48 of 3rd period - Eric Staal wins face-off versus Anton Lander in Devils zone.
17:49 of 3rd period - Snap shot by Bryan Rust.
17:49 of 3rd period - Shot Misses the Net.
17:57 of 3rd period - Bryan Rust is hit by Nail Yakupov and loses puck.
18:06 of 3rd period - Snap shot by Nail Yakupov.
18:06 of 3rd period - Stopped by Christopher Gibson without a rebound.
18:07 of 3rd period - Sam Bennett wins face-off versus Victor Rask in Flames zone.
18:26 of 3rd period - Michael Del Zotto is hit by Victor Rask and loses puck.
19:11 of 3rd period - Wrist shot by Sam Bennett.
19:11 of 3rd period - Stopped by Christopher Gibson with a rebound.
19:17 of 3rd period - Snap shot by Ondrej Kase.
19:17 of 3rd period - Shot Misses the Net.
19:19 of 3rd period - Wrist shot by Sven Baertschi.
19:19 of 3rd period - Stopped by Christopher Gibson with a rebound.
19:21 of 3rd period - Snap shot by Sven Baertschi.
19:21 of 3rd period - Shot Misses the Net.
19:23 of 3rd period - Wrist shot by Cam Fowler.
19:23 of 3rd period - Stopped by Christopher Gibson with a rebound.
19:25 of 3rd period - Slapshot by Michael Del Zotto.
19:25 of 3rd period - Shot Blocked by Sami Vatanen.
19:27 of 3rd period - Wrist shot by Sam Bennett.
19:27 of 3rd period - Stopped by Christopher Gibson without a rebound.
19:28 of 3rd period - Brayden Point wins face-off versus Patrik Berglund in Flames zone.
19:39 of 3rd period - Slapshot by Jonathan Huberdeau.
19:39 of 3rd period - Stopped by Christopher Gibson with a rebound.
19:41 of 3rd period - Snap shot by Jonathan Huberdeau.
19:41 of 3rd period - Shot Misses the Net.
19:43 of 3rd period - Slapshot by Damon Severson.
19:43 of 3rd period - Shot Misses the Net.
19:45 of 3rd period - Snap shot by Jonathan Huberdeau.
19:45 of 3rd period - Stopped by Christopher Gibson with a rebound.
Goals for this period are 0 for Devils vs 0 for Flames.
Shots for this period are 11 for Devils vs 14 for Flames.